 Dungeon Crawl Stone Soup version 0.25-b1-46-gb8a1ec05df (webtiles) character file.

Game seed: 17261598545786892640

11447 mortelune the Zephyrmancer (level 11, -3/67 HPs)
             Began as a Tengu Air Elementalist on June 10, 2020.
             Was a Believer of Sif Muna.
             Killed from afar by a raiju (19 damage)
             ... with a living lightning
             ... on level 2 of the Abyss.
             The game lasted 00:47:08 (16615 turns).

mortelune the Zephyrmancer (TeAE)                  Turns: 16615, Time: 00:47:09

Health: -3/67      AC:  4    Str: 14    XL:     11   Next: 77%
Magic:  20/22      EV: 21    Int: 27    God:    Sif Muna [**....]
Gold:   460        SH:  0    Dex: 15    Spells: 9/24 levels left

rFire    + . .     SeeInvis .   D - +3 morningstar "Sugannal" {vorpal, rF- Str+5 Int+4}
rCold    + . .     Gourm    .   (no shield)
rNeg     + . .     Faith    .   a - +0 robe
rPois    .         Spirit   .   E - +0 hat
rElec    .         Reflect  .   i - scarf {rC+ rF+}
rCorr    .         Harm     .   l - +1 pair of gloves
MR       .....                  (boots unavailable)
Stlth    ++........             R - amulet of regeneration
HPRegen  0.61/turn              s - ring of Ujarghez {rF+ Int+5}
MPRegen  0.18/turn              N - ring of positive energy

@: flying quickly and evasively, quick
A: beak, talons 3, able to fly
a: Stop Flying, Channel Magic, Renounce Religion


You were on level 2 of the Abyss.
You worshipped Sif Muna.
Sif Muna was pleased with you.
You were very hungry.

You visited 2 branches of the dungeon, and saw 12 of its levels.
You visited the Abyss 1 time.

You collected 460 gold pieces.

Inventory:

Hand Weapons
 g - a +0 spear
 q - a +1 trident of venom
 D - the +3 morningstar "Sugannal" (weapon) {vorpal, rF- Str+5 Int+4}
   (You found it on level 2 of the Abyss)

   It inflicts extra damage upon your enemies.
   It affects your strength (+5).
   It affects your intelligence (+4).
   It makes you vulnerable to fire.
Armour
 a - a +0 robe (worn)
 i - a scarf of resistance (worn)
 l - a +1 pair of gloves (worn)
 n - a scarf of resistance
 x - a scarf of resistance
 E - a +0 hat (worn)
Jewellery
 h - an uncursed amulet of reflection
 s - the ring of Ujarghez (left hand) {rF+ Int+5}
   (You found it on level 4 of the Dungeon)

   [ring of protection from fire]

   It affects your intelligence (+5).
   It protects you from fire.
 C - an uncursed ring of resist corrosion
 F - an uncursed ring of protection from fire
 G - an uncursed amulet of guardian spirit
 N - a ring of positive energy (right hand)
 R - an amulet of regeneration (around neck)
Wands
 d - a wand of disintegration (17)
 m - a wand of polymorph (11)
 r - a wand of paralysis (5)
 v - a wand of flame (22)
 L - a wand of random effects (17)
Scrolls
 f - 3 scrolls of fog
 k - 3 scrolls of magic mapping
 t - a scroll of enchant weapon
 w - a scroll of amnesia
 y - a scroll of remove curse
 B - a scroll of blinking
 J - a scroll of immolation
 M - a scroll of silence
Potions
 b - 2 potions of might
 e - 3 potions of stabbing
 j - a potion of brilliance
 o - 2 potions of invisibility
 p - a potion of ambrosia
 u - 4 potions of haste
 z - a potion of lignification
 H - a potion of degeneration
 I - a potion of berserk rage
 K - 3 potions of curing
Miscellaneous
 O - a box of beasts
Comestibles
 c - 17 rations


   Skills:
 + Level 7.2 Fighting
 + Level 8.3 Dodging
 - Level 2.0 Stealth
 - Level 7.0 Spellcasting
 * Level 12.1 Conjurations
 * Level 12.6 Air Magic


You had 9 spell levels left.
You knew the following spells:

 Your Spells              Type           Power        Failure   Level  Hunger
a - Shock                 Conj/Air       ####         1%          1    None
b - Swiftness             Chrm/Air       #####...     1%          2    None
c - Static Discharge      Conj/Air       ######..     1%          3    None
d - Airstrike             Air            ######....   1%          4    ##.....
e - Lightning Bolt        Conj/Air       ######....   1%          5    #####..

Your spell library contained the following spells:

 Spells                   Type           Power        Failure   Level  Hunger


Dungeon Overview and Level Annotations

Branches:
Dungeon (11/15)            Temple (1/1) D:6
   Lair: D:8-11         Orc: D:9-12

Altars:
Ashenzari
Cheibriados
Dithmenos
Elyvilon
Fedhas
Gozag
Hepliaklqana
Kikubaaqudgha
Makhleb
Nemelex Xobeh
Okawaru
Qazlal
Ru
Sif Muna
Trog
Uskayaw
Vehumet
Wu Jian
Xom
Yredelemnul
Zin
The Shining One

Shops:
D:7 =   D:9 }

Annotations:
D:9 3 runed translucent doors, Wanze's ghost, novice HOAK
D:10 3 runed translucent doors, Dirian's ghost, journeyman MiFi; Faydane's ghost, journeyman HuWz; Jakers's ghost, novice HaAM; gruber's ghost, novice DsCK
D:11 Erolcha


Innate Abilities, Weirdness & Mutations

You have a beak for a mouth.
You have claws for feet.
You can fly continuously.


Message History

The raiju blinks!
A raiju comes into view. x2
The raiju moves out of view.
You hit the raiju. Your kick misses the raiju.
The raiju is almost dead.
The raiju bites you. The raiju shocks you!
You hit the raiju but do no damage. Your kick misses the raiju.
The raiju is almost dead.
The raiju bursts into living lightning!
The living lightning misses you. The living lightning hits you!
* * * LOW HITPOINT WARNING * * *
The raiju blinks!
You feel much better. The raiju bites you. The raiju shocks you!
The raiju bursts into living lightning!
The living lightning misses you. The living lightning hits you!
* * * LOW HITPOINT WARNING * * *
The raiju blinks!
The raiju bursts into living lightning!
The living lightning hits you!!
You die...

. .. .# # .#
#.#.#. #....##
..#†.# ###....#
#...#..#
##..@.#.##...
#..##§h..>..#
...#...h##....#
#..
###.#.#######
## . #.#....
.....####
.#.##.##
###.... .##.
#.# ## ## ## .
#.# #.... . .
#.### #. . .


You could see 2 raiju.

Vanquished Creatures
  A hydra (D:9)
  4 two-headed ogres
  Pikel (D:5)
  A manticore (D:10)
  A smoke demon (Abyss:2)
  A gargoyle (D:10)
  A troll (D:10)
  A raiju (Abyss:2)
  2 dream sheep (D:9)
  3 hippogriffs
  2 wyverns
  6 yaks
  4 hungry ghosts
  A small abomination (Abyss:2)
  2 water moccasins (D:10)
  A porcupine (D:11)
  4 orc warriors
  4 sky beasts
  2 ice beasts
  2 ogres (D:6)
  A phantom (D:5)
  3 centaurs
  5 big kobolds
  2 bullfrogs
  3 scorpions
  A howler monkey (D:3)
  3 crimson imps
  2 quasits
  8 orc priests
  A bullfrog zombie (D:5)
  5 hounds
  2 jellies
  2 bullfrog skeletons
  8 orc wizards
  2 iguanas
  3 worker ants
  A killer bee zombie (D:9)
  A hound skeleton (D:5)
  2 worker ant zombies
  4 gnolls (D:8)
  A howler monkey skeleton (D:6)
  8 adders
  An adder zombie (D:7)
  An adder skeleton (D:7)
  A worm (D:2)
  A dart slug (D:1)
  4 leopard geckos
  37 orcs
  4 bats (D:2)
  5 giant cockroaches
  4 goblins
  11 hobgoblins
  7 jackals
  6 quokkas
  A ball python (D:2)
  2 frilled lizards
  11 kobolds
  9 rats
  A lurking horror (Abyss:2)
218 creatures vanquished.

Vanquished Creatures (others)
  An adder zombie (D:5)
  2 withered plants (D:10)
3 creatures vanquished.

Grand Total: 221 creatures vanquished

Notes
Turn   | Place    | Note
-------+----------+-------------------------------------------
     0 | D:1      | mortelune the Tengu Air Elementalist began the quest for
                  | the Orb.
     0 | D:1      | Reached XP level 1. HP: 10/10 MP: 4/4
   382 | D:1      | Reached XP level 2. HP: 15/15 MP: 3/6
   386 | D:1      | Learned a level 2 spell: Swiftness
  1117 | D:1      | Reached XP level 3. HP: 19/19 MP: 5/7
  1122 | D:1      | Learned a level 3 spell: Static Discharge
  1327 | D:1      | Reached skill level 5 in Air Magic
  2305 | D:2      | Found a sacrificial altar of Ru.
  2423 | D:2      | Reached XP level 4. HP: 24/24 MP: 0/8
  3620 | D:3      | Gained mutation: You can fly continuously. [Tengu growth]
  3620 | D:3      | Reached XP level 5. HP: 28/28 MP: 4/9
  4793 | D:4      | Found an ancient bone altar of Kikubaaqudgha.
  4832 | D:4      | Reached skill level 1 in Fighting
  5294 | D:4      | Found a white marble altar of Elyvilon.
  5405 | D:4      | Got a slimy silver ring
  5637 | D:5      | Entered Level 5 of the Dungeon
  5703 | D:5      | Reached XP level 6. HP: 29/34 MP: 6/11
  5842 | D:4      | Identified the ring of Ujarghez {rF+ Int+5} (You found it
                  | on level 4 of the Dungeon)
  6616 | D:5      | Reached XP level 7. HP: 40/40 MP: 10/13
  6622 | D:5      | Learned a level 4 spell: Airstrike
  7100 | D:5      | Noticed Pikel
  7108 | D:5      | Killed Pikel
  7108 | D:5      | Reached skill level 5 in Spellcasting
  7108 | D:5      | Reached skill level 5 in Conjurations
  7108 | D:5      | Reached XP level 8. HP: 32/46 MP: 1/16
  8746 | D:6      | You are sucked into a shaft and drop 1 floor!
  8846 | D:6      | Found a staircase to the Ecumenical Temple.
  8864 | Temple   | Entered the Ecumenical Temple
  8984 | Temple   | Became a worshipper of Sif Muna the Loreminder
  9017 | D:6      | Reached skill level 5 in Dodging
  9017 | D:6      | Reached XP level 9. HP: 52/52 MP: 8/18
 10229 | D:7      | Learned a level 5 spell: Lightning Bolt
 10397 | D:7      | Reached * piety under Sif Muna
 10409 | D:7      | Found Qebuggun's Jewellery Shoppe.
 11062 | D:8      | Noticed a two-headed ogre
 11118 | D:7      | Killed a two-headed ogre
 11118 | D:7      | Reached skill level 5 in Fighting
 11118 | D:7      | Reached XP level 10. HP: 59/59 MP: 0/21
 12285 | D:8      | Found a shimmering altar of Xom.
 12286 | D:8      | Found an opulent altar of Gozag.
 12407 | D:9      | Reached skill level 10 in Air Magic
 12830 | D:9      | Reached ** piety under Sif Muna
 12906 | D:9      | Found a runed translucent gate.
 12906 | D:9      | Found a runed translucent gate.
 12906 | D:9      | Found a runed translucent gate.
 12911 | D:9      | Noticed Wanze's ghost (novice HOAK)
 12986 | D:9      | Found Buakhoug's Gadget Boutique.
 13514 | D:9      | Reached skill level 10 in Conjurations
 13649 | D:9      | Noticed a three-headed hydra
 13686 | D:9      | Killed a three-headed hydra
 13996 | D:10     | Entered Level 10 of the Dungeon
 14046 | D:10     | Noticed a two-headed ogre
 14047 | D:10     | Reached XP level 11. HP: 64/64 MP: 11/22
 14050 | D:10     | Noticed Dirian's ghost (journeyman MiFi)
 14051 | D:10     | Noticed Faydane's ghost (journeyman HuWz)
 14272 | D:10     | Noticed a two-headed ogre
 14276 | D:10     | Killed a two-headed ogre
 14425 | D:10     | Noticed a manticore
 14428 | D:10     | Killed a manticore
 14928 | D:10     | Killed a two-headed ogre
 15395 | D:10     | Noticed Jakers's ghost (novice HaAM)
 15889 | D:10     | Found a runed translucent gate.
 15889 | D:10     | Found a runed translucent gate.
 15889 | D:10     | Found a runed translucent gate.
 15889 | D:10     | Noticed gruber's ghost (novice DsCK)
 16120 | D:11     | Noticed a two-headed ogre
 16132 | D:10     | Killed a two-headed ogre
 16373 | D:11     | Noticed Erolcha
 16376 | D:11     | Cast into level 2 of the Abyss (Erolcha)
 16424 | Abyss:2  | Noticed a starcursed mass
 16508 | Abyss:2  | Got an ichor-stained morningstar
 16509 | Abyss:2  | Identified the +3 morningstar "Sugannal" {vorpal, rF- Str+5
                  | Int+4} (You found it on level 2 of the Abyss)
 16546 | Abyss:2  | Noticed a phantasmal warrior
 16615 | Abyss:2  | Killed from afar by a raiju

Illustrated notes

Levels and vault maps discovered:
D:1:      lightli_arrival_boilingwater, layout_basic
D:2:      layout_rooms, hangedman_ru_absence
D:3:      layout_loops_corners, first_ration
D:4:      layout_rooms, kiku_gazebo_garden_becter, elyvilon_altar_4
D:5:      layout_loops_ring, uniq_blork_the_orc, uniq_pikel
D:6:      layout_loops_ring, minmay_temple_entry_slanted
D:7:      layout_gridville, serial_shops, shop_statue
D:8:      layout_basic, gammafunk_temple_overflow_wave
D:9:      layout_roguey, serial_shops, shop, ebering_ghost_rock_garden,
          minmay_misc_feat_alley, hangedman_ranch [blue_anna_fruit_fields]
D:10:     layout_loops_ring, gammafunk_ghost_cemetery
D:11:     layout_roguey, grunt_lair_entry_orc_guard_hut, uniq_erolcha
Temple:   regret_index_temple_mists
Abyss:2:  base: D:6, evilmike_abyss_exit_vortex

Skill      XL: |  1  2  3  4  5  6  7  8  9 10 11 |
---------------+----------------------------------+-----
Conjurations   | 2 3 4 5 6 8 10 12 | 12.1
Air Magic      | 5 6 7 9 11 12 | 12.6
Fighting       | 1 2 3 5 6 7 |  7.2
Spellcasting   | 3 5 7 |  7.0
Dodging        | 3 4 5 6 7 8 |  8.3
Stealth        | |  2.0

Action                   |  1- 3 |  4- 6 |  7- 9 | 10-12 || total
-------------------------+-------+-------+-------+-------++-------
Melee: Unarmed           |     7 |       |       |       ||     7
       Kick              |     1 |     3 |     9 |     2 ||    15
       Peck              |     1 |     1 |     7 |     1 ||    10
       Trident           |       |     6 |    31 |    15 ||    52
       Morningstar       |       |       |       |     4 ||     4
 Cast: Shock             |    92 |    93 |   127 |    80 ||   392
       Static Discharge  |     1 |     7 |    13 |     1 ||    22
       Airstrike         |       |       |    23 |   108 ||   131
       Lightning Bolt    |       |       |       |    20 ||    20
Invok: Channel Magic     |       |       |       |     1 ||     1
 Abil: Fly               |       |     1 |       |       ||     1
  Use: Scroll            |       |    13 |     4 |    10 ||    27
       Potion            |       |       |     2 |     2 ||     4
 Stab: Sleeping          |       |       |     1 |       ||     1
  Eat: Chunk             |     6 |    11 |    10 |    18 ||    45
       Ration            |       |     1 |     2 |     3 ||     6
Armor: Robe              |     4 |       |     3 |     3 ||    10
Dodge: Dodged            |    17 |    19 |    42 |    33 ||   111
Block: Other             |       |     3 |    15 |     8 ||    26
       Reflection        |       |       |       |     2 ||     2
